AoeStats
← IamtheChit

QS Arena

503626240Analyzed
2v2 RM · 1mo ago on Sep 1, 2026· 51m 16s· 4 players
Game mode
Random Map
Map size
Medium (4 player)
Population
200
Speed
Normal
Resources
Standard
Victory
Conquest
Starting age
Dark Age
Ending age
Imperial Age
RankedLock teamsTeams togetherTeam positionsShared explorationLock speedFull tech treeHidden civsTurbo modeCheats
Victory
Defeat
🇺🇸 Bohemians · United States
1196
+16
🇩🇪 Ethiopians · Germany
1124
+19
🇮🇹 Franks · Italy
1207
-18
🇮🇹 Spanish · Italy
1175
-17
UccEllOAvApOrE
8:40 Feudal Age
12:52 Castle Age
11:29 Double-Bit Axe
14:08 Bow Saw
19:15 Fervor
23:52 Loom
28:28 Imperial Age
28:34 Wheelbarrow
28:11 Husbandry
28:22 Bloodlines
29:37 Masonry
31:13 Chemistry
30:21 Cavalier
32:21 Redemption
33:49 Conscription
33:30 Inquisition
33:27 Gold Mining
39:26 Fletching
45:33 Hand Cart
48:38 Block Printing
51:19 Illumination
Maverick
8:26 Feudal Age
12:16 Castle Age
10:27 Double-Bit Axe
26:38 Imperial Age
26:20 Scale Barding Armor
26:26 Forging
28:33 Chain Barding Armor
29:09 Iron Casting
28:37 Husbandry
28:36 Cavalier
32:36 Plate Barding Armor
34:24 Padded Archer Armor
34:17 Fletching
34:32 Elite Skirmisher
36:41 Bodkin Arrow
37:48 Leather Archer Armor
38:46 Chemistry
39:21 Blast Furnace
44:22 Ballistics
45:02 Hoardings
48:57 Light Cavalry
IamtheChit
8:55 Feudal Age
12:50 Castle Age
10:45 Double-Bit Axe
11:01 Horse Collar
13:57 Bow Saw
16:17 Fervor
16:58 Wheelbarrow
16:22 Loom
19:49 Hand Cart
19:23 Town Watch
25:27 Imperial Age
23:11 Scale Mail Armor
23:57 Pikeman
24:56 Chain Mail Armor
24:52 Forging
26:09 Chemistry
27:55 Plate Mail Armor
28:01 Iron Casting
28:45 Conscription
28:20 Halberdier
29:01 Squires
32:45 Blast Furnace
31:36 Fletching
33:25 Ballistics
33:49 Masonry
35:43 Wagenburg Tactics
36:50 Elite Hussite Wagon
42:21 Siege Engineers
44:36 Heresy
45:28 Houfnice
51:54 Two-Man Saw
Suuuuzie
8:07 Feudal Age
11:55 Castle Age
10:51 Double-Bit Axe
10:59 Gold Mining
11:03 Horse Collar
14:18 Squires
18:57 Scale Mail Armor
21:32 Forging
23:38 Iron Casting
25:49 Scale Barding Armor
26:02 Chain Mail Armor
27:03 Arson
30:02 Wheelbarrow
Connection lost

Rejoining the realm…

Still unreachable

The connection could not be restored.

Session expired

The server has moved on; the page needs a fresh start.